 Dungeon Crawl Stone Soup version 0.31-a0-876-gfe8ebadbca (webtiles) character file.

Game seed: 8286517432260426292

1342 kae the Geomancer (level 8, -2/41 HPs)
             Began as a Gargoyle Earth Elementalist on Oct 13, 2023.
             Slain by a gnoll bouda
             ... wielding a +0 whip
              (8 damage)
             ... on level 6 of the Dungeon.
             The game lasted 00:04:39 (5534 turns).

kae the Geomancer (Gargoyle Earth Elementalist)     Turns: 5534, Time: 00:04:40

Health: -2/41      AC: 10    Str: 13    XL:     8   Next: 62%
Magic:  8/15       EV: 11    Int: 17    God:
Gold:   308        SH:  0    Dex: 10    Spells: 7/17 levels left

rFire   + . .        d - +1 short sword (speed)
rCold   . . .        (no shield)
rNeg    + . .        a - +0 robe
rPois   ∞            (no helmet)
rElec   +            z - +0 cloak
rCorr   .            p - +1 pair of gloves
SInv    .            (no boots)
Will    .....        (no amulet)
Stlth   ++           F - ring of protection from fire
HPRegen 0.26/turn    (no ring)
MPRegen 0.14/turn

%: no passive effects
@: no status effects
A: sickness immunity, AC +5, negative energy resistance 1, electricity
resistance, torment resistance 1, petrification resistance
a: no special abilities


You were on level 6 of the Dungeon.
You visited 1 branch of the dungeon, and saw 6 of its levels.

You collected 308 gold pieces.


Innate Abilities, Weirdness & Mutations

You are immune to sickness and miasma.
Your stone body is resilient. (AC +5)
You are immune to poison.
You resist negative energy. (rN+)
You are resistant to electric shocks. (rElec)
You are resistant to unholy torment.
You are immune to petrification.


   Skills:
 - Level 1.5 Dodging
 - Level 2.1 Stealth
 + Level 5.0 Spellcasting
 + Level 5.1 Conjurations
 - Level 1.0 Transmutations
 * Level 9.5 Earth Magic


You had 7 spell levels left.
You knew the following spells:

 Your Spells              Type           Power      Damage    Failure   Level
a - Sandblast             Erth           72%        2d16      1%          1
b - Stone Arrow           Conj/Erth      58%        3d10      1%          3
c - Brom's Barrelling Bo  Conj/Erth      29%        2d5       7%          4
d - Passwall              Tmut/Erth      18%        N/A       2%          2

Your spell library contained the following spells:

 Spells                   Type           Power      Damage    Failure   Level
 Apportation              Tloc           8%         N/A       14%         1
 Freeze                   Ice            16%        1d4       14%         1
 Necrotise                Necr           16%        1d4       14%         1
 Summon Small Mammal      Summ           16%        N/A       14%         1
 Hailstorm                Conj/Ice       13%        3d5       16%         3
 Petrify                  Tmut/Erth      22%        N/A       16%         4
 Frozen Ramparts          Ice            8%         1d2       38%         3
 Gell's Gravitas          Tloc           4%         N/A       38%         3
 Inner Flame              Hex/Fire       4%         N/A       38%         3
 Teleport Other           Tloc           4%         N/A       38%         3
 Flame Wave               Conj/Fire      13%        2d6       45%         4
 Sticky Flame             Conj/Fire      13%        2d4       45%         4
 Vhi's Electric Charge    Tloc/Air       8%         N/A       80%         4
 Arcjolt                  Conj/Air       6%         1d16      80%         5
 Dispersal                Tloc           2%         N/A       100%        6
 Maxwell's Capacitive Co  Air            2%         ∞         100%        8

Inventory:

Hand Weapons
 d - a +1 short sword of speed (weapon)
   (You took it off a kobold on level 1 of the Dungeon)
 e - a +4 dagger
   (You took it off a wight on level 4 of the Dungeon)
Missiles
 g - 60 stones
 m - 20 boomerangs
 r - a throwing net {=f!f}
 v - 5 poisoned darts
Armour
 a - a +0 robe (worn)
 o - the +0 helmet "Bydot" {rElec rC+ rCorr MP-9}
   (You found it on level 2 of the Dungeon)

   rC+:       It protects you from cold.
   rElec:     It insulates you from electricity.
   MP-9:      It affects your magic capacity (-9).
   rCorr:     It protects you from acid and corrosion.
 p - a +1 pair of gloves (worn)
   (You found it on level 2 of the Dungeon)
 z - a +0 cloak (worn)
   (You found it on level 5 of the Dungeon)
Magical Staves
 u - a staff of cold {!a}
   (You found it on level 3 of the Dungeon)
Jewellery
 f - a ring of fire
   (You took it off an orc on level 4 of the Dungeon)
 F - a ring of protection from fire (left hand)
   (You found it on level 3 of the Dungeon)
Wands
 k - a wand of flame (10)
   (You found it on level 6 of the Dungeon)
Scrolls
 h - 2 scrolls of silence {!r}
 t - a scroll of enchant armour
 A - a scroll of poison
Potions
 b - a potion of magic
 c - 2 potions of invisibility
 i - 3 potions of attraction {!q}
 j - 4 potions of curing {@q1}
 l - a potion of lignification {!q}
 n - a potion of degeneration {!q}
 q - a potion of enlightenment
 s - 2 potions of berserk rage {!q}
 w - 2 potions of heal wounds {@q2}
 x - a potion of resistance

Dungeon Overview and Level Annotations

Branches:
Dungeon (6/15) Zot: 24988
 Temple: D:4-7

Altars:

Annotations:
D:5 exclusion: downstairs

..>?....## .#
....###..### ###..# ..
##### ##...###...> .##.
### #......... ....#
#.######....###.## .....
.....##...#####..#......
..........#.##..##......
.##......##....:....?...
.##...#..##.....@.......
..#..##........g).......
.....#......#...))###...
..........###.###.... #
.........## #.. ......
......#..# #... ......
...#.....# #..........
..#...... .. ....##..
#...... ..


You could see a gnoll bouda.


Message History

Press: ? - help, Shift-Dir - straight line, f - gnoll
Aim: a gnoll, wielding a +0 halberd (covering ground quickly, ally target, 86% to hit)
Okay, then.
Unknown command.
Casting: Sandblast (safe; 1% risk of failure)
Confirm with . or Enter, or press ? or * to list all spells.
Aiming: Sandblast (safe; 1% risk of failure)
Press: ? - help, Shift-Dir - straight line, f/p - gnoll
Aim: a gnoll, wielding a +0 halberd (covering ground quickly, ally target, 86% to hit)
Okay, then.
Unknown command.
The gnoll hits you from afar with a +0 halberd!
Your gnoll hits the gnoll with a +0 whip. 😮 HP[-10]
You take 10 damage, and now have 27/41 hp.
MASSIVE DAMAGE!! (PAUSE)
Casting: Sandblast (safe; 1% risk of failure)
Confirm with . or Enter, or press ? or * to list all spells.
Aiming: Sandblast (safe; 1% risk of failure)
Press: ? - help, Shift-Dir - straight line, f/p - gnoll
Aim: a gnoll, wielding a +0 halberd (moderately wounded, covering ground quickly, ally target, 86% to hit)
The blast of sand hits the gnoll!
You kill the gnoll!
The gnoll bouda hits your gnoll with a +0 whip.
Your gnoll hits the gnoll bouda with a +0 whip.
The gnoll bouda barely misses your gnoll.
The gnoll hits you but does no damage. 😮 HP[+1] MP[-1]
You lost 1 mp, and now have 12/15 mp.
Casting: Sandblast (safe; 1% risk of failure)
Confirm with . or Enter, or press ? or * to list all spells.
Aiming: Sandblast (safe; 1% risk of failure)
Press: ? - help, Shift-Dir - straight line, f - gnoll
Aim: a gnoll, wielding a +0 spear (covering ground quickly, 86% to hit)
The blast of sand hits the gnoll!
Your gnoll barely misses the gnoll bouda.
The gnoll bouda hits your gnoll with a +0 whip!
Your gnoll dies!
Your gnoll's corpse dissolves into shadows!
The gnoll hits you from afar with a +0 spear. 😮 HP[-6]
You take 6 damage, and now have 22/41 hp.
Casting: Sandblast (safe; 1% risk of failure)
Confirm with . or Enter, or press ? or * to list all spells.
Aiming: Sandblast (safe; 1% risk of failure)
Press: ? - help, Shift-Dir - straight line, f/p - gnoll
Aim: a gnoll, wielding a +0 spear (almost dead, covering ground quickly, 86% to hit)
The blast of sand hits the gnoll!
You kill the gnoll! 😮 MP[-1]
You lost 1 mp, and now have 11/15 mp.
Casting: Sandblast (safe; 1% risk of failure)
Confirm with . or Enter, or press ? or * to list all spells.
Aiming: Sandblast (safe; 1% risk of failure)
Press: ? - help, Shift-Dir - straight line, f - gnoll
Aim: a gnoll, wielding a +0 flail (covering ground quickly, 86% to hit)
The blast of sand hits the gnoll!
You kill the gnoll!
The gnoll bouda hits you with a +0 whip.
* * * LOW HITPOINT WARNING * * *
😨 HP[-4] MP[-1]
You take 4 damage, and now have 18/41 hp.
You lost 1 mp, and now have 10/15 mp.
Casting: Sandblast (safe; 1% risk of failure)
Confirm with . or Enter, or press ? or * to list all spells.
Aiming: Sandblast (safe; 1% risk of failure)
Press: ? - help, Shift-Dir - straight line, f - scorpion
Aim: a scorpion (84% to hit)
The blast of sand hits the scorpion!
The scorpion barely misses you.
The gnoll bouda hits you with a +0 whip.
* * * LOW HITPOINT WARNING * * *
The gnoll bouda hits you with a +0 whip.
* * * LOW HITPOINT WARNING * * *
The scorpion stings you but does no damage. 😱 HP[-8] MP[-1]
You take 8 damage, and now have 10/41 hp.
You lost 1 mp, and now have 9/15 mp.
Casting: Sandblast (safe; 1% risk of failure)
Confirm with . or Enter, or press ? or * to list all spells.
Aiming: Sandblast (safe; 1% risk of failure)
Press: ? - help, Shift-Dir - straight line, f/p - scorpion
Aim: a scorpion (heavily wounded, 84% to hit)
The blast of sand hits the scorpion but does no damage.
The scorpion stings you.
* * * LOW HITPOINT WARNING * * *
The gnoll bouda hits you with a +0 whip.
* * * LOW HITPOINT WARNING * * *
The scorpion completely misses you. 😱 HP[-5] MP[-1]
You take 5 damage, and now have 5/41 hp.
You lost 1 mp, and now have 8/15 mp.
Casting: Sandblast (safe; 1% risk of failure)
Confirm with . or Enter, or press ? or * to list all spells.
Aiming: Sandblast (safe; 1% risk of failure)
Press: ? - help, Shift-Dir - straight line, f/p - scorpion
Aim: a scorpion (heavily wounded, 84% to hit)
The blast of sand hits the scorpion!
You kill the scorpion!
The gnoll bouda hits you with a +0 whip!
You die...

Skill      XL: |  1  2  3  4  5  6  7  8 |
---------------+-------------------------+-----
Transmutations | 1 |  1.0
Earth Magic    | 4 5 6 7 8 9 |  9.5
Conjurations   | 1 2 3 4 5 |  5.1
Spellcasting   | 3 4 5 |  5.0
Dodging        | |  1.5
Stealth        | |  2.1

Action                     |  1- 3 |  4- 6 |  7- 9 || total
---------------------------+-------+-------+-------++-------
  Melee: Short sword       |    44 |    42 |    28 ||   114
   Cast: Sandblast         |    30 |    74 |    90 ||   194
         Stone Arrow       |       |     1 |     5 ||     6
    Use: Scroll            |       |    13 |     4 ||    17
         Potion            |       |     5 |       ||     5
   Stab: Sleeping          |     4 |       |       ||     4
 Armour: Robe              |    19 |    60 |    76 ||   155
  Dodge: Dodged            |    24 |    29 |    54 ||   107

Levels and vault maps discovered:
D:1:      zelgadis_glass_arrival_small, layout_basic, grunt_decor_fettered
D:2:      layout_basic
D:3:      layout_basic, supply_closet_lemuel, chequers_big_river
D:4:      layout_basic
D:5:      layout_basic
D:6:      cheibrodos_iron_armory, layout_cave_pools,
          mainiacjoe_overflow_two_lobes, nicolae_fountain_basement

Notes
Turn   | Place    | Note
-------+----------+-------------------------------------------
     0 | D:1      | kae the Gargoyle Earth Elementalist began the quest for the
                  | Orb.
     0 | D:1      | Reached XP level 1. HP: 10/10 MP: 3/3
     0 | D:1      | magus.rc [v1.11.3]
   140 | D:1      | Reached skill level 1 in Transmutations
   182 | D:1      | Reached skill level 4 in Earth Magic
   182 | D:1      | Reached XP level 2. HP: 15/15 MP: 5/5
   485 | D:1      | Reached XP level 3. HP: 19/19 MP: 2/6
   489 | D:1      | Learned a level 3 spell: Stone Arrow
   525 | D:1      | You pick up a book of Cantrips and begin reading...
   525 | D:1      | You add the spells Necrotise, Summon Small Mammal and
                  | Apportation to your library.
   634 | D:2      | You add the spells Vhi's Electric Charge, Arcjolt and
                  | Maxwell's Capacitive Coupling to your library.
   790 | D:2      | Identified the +0 helmet "Bydot" {rElec rC+ rCorr MP-9}
  1412 | D:2      | Reached skill level 5 in Earth Magic
  1412 | D:2      | Reached XP level 4. HP: 24/24 MP: 5/7
  1539 | D:3      | Reached skill level 1 in Conjurations
  2112 | D:3      | You pick up a book of Frost and begin reading...
  2112 | D:3      | You add the spells Freeze, Frozen Ramparts and Hailstorm to
                  | your library.
  2212 | D:3      | Reached XP level 5. HP: 28/28 MP: 7/9
  2276 | D:3      | Reached skill level 3 in Spellcasting
  2361 | D:3      | You add the spells Gell's Gravitas, Teleport Other and
                  | Dispersal to your library.
  2849 | D:4      | Reached skill level 2 in Conjurations
  2868 | D:4      | Reached skill level 6 in Earth Magic
  2903 | D:4      | HP: 6/28 [wight/+4 long sword (11)]
  2904 | D:4      | HP: 1/28 [wight/+4 spear (6)]
  2910 | D:4      | HP: 6/28 [wight/+4 spear (6)]
  2930 | D:4      | Reached XP level 6. HP: 23/32 MP: 0/11
  3004 | D:4      | Reached skill level 3 in Conjurations
  3004 | D:4      | Reached skill level 7 in Earth Magic
  3070 | D:4      | Reached XP level 7. HP: 35/36 MP: 6/12
  3234 | D:4      | You fall into a shaft and drop 2 floors!
  3301 | D:6      | Reached skill level 4 in Spellcasting
  3414 | D:6      | Reached skill level 8 in Earth Magic
  3554 | D:5      | Entered Level 5 of the Dungeon
  3619 | D:5      | Reached skill level 4 in Conjurations
  3728 | D:5      | Reached XP level 8. HP: 41/41 MP: 9/14
  3887 | D:4      | You pick up a book of Flames and begin reading...
  3887 | D:4      | You add the spells Inner Flame, Sticky Flame and Flame Wave
                  | to your library.
  4240 | D:4      | Identified the +4 dagger of the Trees {freeze, rC++}
  4445 | D:5      | Learned a level 4 spell: Brom's Barrelling Boulder
  4482 | D:5      | Learned a level 2 spell: Passwall
  4869 | D:5      | Reached skill level 9 in Earth Magic
  5336 | D:5      | Reached skill level 5 in Conjurations
  5337 | D:5      | Reached skill level 5 in Spellcasting
  5532 | D:6      | HP: 10/41 [gnoll bouda/+0 whip (5)]
  5534 | D:6      | Slain by a gnoll bouda

Vanquished Creatures
  A water moccasin (D:6)
  An orc warrior (D:6)
  An ice beast (D:5)
  An ogre (D:5)
  3 scorpions
  3 wights (D:4)
  2 howler monkeys
  3 hounds
  An orc priest (D:4)
  4 iguanas
  3 orc wizards
  9 gnolls
  11 adders
  2 shadow imps
  An ufetubus (D:5)
  A worm (D:2)
  3 dart slugs
  22 orcs
  5 ball pythons
  7 bats
  7 endoplasms
  2 giant cockroaches
  10 goblins
  4 hobgoblins
  3 jackals (D:3)
  7 kobolds
  2 quokkas
  5 frilled lizards
  5 rats
129 creatures vanquished.

Table legend:
 A = Non-vault XP
 B = Vault XP
 C = Vault XP percentage of total XP
 D = Non-vault monster count
 E = Vault monster count
 F = Vault count percentage of total count
                 A         B        C        D         E       F
            +---------+---------+-------+---------+---------+-------
      Total |    1936 |      69 |   3.4 |     124 |       5 |   3.9
            +---------+---------+-------+---------+---------+-------
        D:1 |      37 |       0 |   0.0 |      13 |       0 |   0.0
        D:2 |      46 |       0 |   0.0 |      21 |       0 |   0.0
        D:3 |     139 |       0 |   0.0 |      29 |       0 |   0.0
        D:4 |     539 |       0 |   0.0 |      23 |       0 |   0.0
        D:5 |     663 |      63 |   8.7 |      23 |       3 |  11.5
        D:6 |     512 |       6 |   1.2 |      15 |       2 |  11.8
            +---------+---------+-------+---------+---------+-------

Skill      XL: |  1  2  3  4  5  6  7  8 |
---------------+-------------------------+-----
Transmutations | 1 |  1.0
Earth Magic    | 4 5 6 7 8 9 |  9.5
Conjurations   | 1 2 3 4 5 |  5.1
Spellcasting   | 3 4 5 |  5.0
Dodging        | |  1.5
Stealth        | |  2.1

Action                     |  1- 3 |  4- 6 |  7- 9 || total
---------------------------+-------+-------+-------++-------
  Melee: Short sword       |    44 |    42 |    28 ||   114
   Cast: Sandblast         |    30 |    74 |    90 ||   194
         Stone Arrow       |       |     1 |     5 ||     6
    Use: Scroll            |       |    13 |     4 ||    17
         Potion            |       |     5 |       ||     5
   Stab: Sleeping          |     4 |       |       ||     4
 Armour: Robe              |    19 |    60 |    76 ||   155
  Dodge: Dodged            |    24 |    29 |    54 ||   107

Illustrated notes

Table legend:
 A = Kills in this place as a percentage of kills in the entire game.
 B = Kills by you in this place as a percentage of kills by you in the entire game.
 C = Kills by friends in this place as a percentage of kills by friends in the entire game.
 D = Other kills in this place as a percentage of other kills in the entire game.
 E = Experience gained in this place as a percentage of experience gained in the entire game.
 F = Experience gained in this place divided by the number of levels of this place that you have seen.
                   A       B       C       D       E      F
               +-------+-------+-------+-------+-------+----------------------
         Total | 100.0 | 100.0 |   N/A |   N/A | 100.0 | 334.2
       Dungeon | 100.0 | 100.0 |   N/A |   N/A | 100.0 | 334.2
               +-------+-------+-------+-------+-------+----------------------

Table legend: (Time is in decaauts)
 A = Elapsed time spent in this place.
 B = Non-inter-level travel time spent in this place.
 C = Inter-level travel time spent in this place.
 D = Time resting spent in this place.
 E = Time spent auto-exploring this place.
 F = Levels seen in this place.
 G = Mean time per level.
                   A        B        C        D        E       F      G
               +--------+--------+--------+--------+--------+-----+--------+
         Total |   5583 |   5214 |    369 |    118 |   4310 |   6 |  930.5 |
       Dungeon |   5583 |   5214 |    369 |    118 |   4310 |   6 |  930.5 |
               +--------+--------+--------+--------+--------+-----+--------+

Top non-repeatable levels by time:
     D:3: 1309 daAuts
     D:5: 1252 daAuts
     D:4: 1093 daAuts
     D:2: 935 daAuts
     D:1: 571 daAuts
     D:6: 422 daAuts
